 Dungeon Crawl Stone Soup version 0.25.1-2-g60ff931df9 (webtiles) character file.

Game seed: 9927237325370132645

42 Joeren the Firebug (level 3, -3/24 HPs)
             Began as a Formicid Fire Elementalist on Aug 26, 2020.
             Slain by a gnoll
             ... wielding a +0 spear
              (5 damage)
             ... on level 2 of the Dungeon.
             The game lasted 00:10:43 (2594 turns).

Joeren the Firebug (Formicid Fire Elementalist)     Turns: 2594, Time: 00:10:44

Health: -3/24      AC:  2    Str: 12    XL:     3   Next: 77%
Magic:  3/7        EV: 12    Int: 15    God:
Gold:   110        SH:  0    Dex: 11    Spells: 6/7 levels left

rFire    . . .     SeeInvis +   b - +0 short sword
rCold    . . .     Gourm    .   (no shield)
rNeg     . . .     Faith    .   a - +0 robe
rPois    .         Spirit   .   (helmet unavailable)
rElec    .         Reflect  .   (no cloak)
rCorr    .         Harm     .   (no gloves)
MR       .....                  (no boots)
Stlth    ++........             (no amulet)
HPRegen  0.08/turn              f - ring of wizardry
MPRegen  0.10/turn              (no ring)

@: no status effects
A: permanent stasis, dig shafts and tunnels, four strong arms, antennae 3
a: Dig, Shaft Self


You were on level 2 of the Dungeon.
You were hungry.

You visited 1 branch of the dungeon, and saw 3 of its levels.

You collected 110 gold pieces.

Inventory:

Hand Weapons
 b - a +0 short sword (weapon)
Missiles
 d - 111 stones (quivered)
Armour
 a - a +0 robe (worn)
Jewellery
 f - a ring of wizardry (left hand)
Scrolls
 e - 4 scrolls of teleportation {unknown}
 k - a scroll of immolation {unknown}
Potions
 g - 2 potions of heal wounds
 l - a potion of ambrosia {unknown}
Comestibles
 c - 6 rations


   Skills:
 - Level 1.7 Dodging
 - Level 2.4 Stealth
 + Level 2.9 Spellcasting
 + Level 1.8 Conjurations
 + Level 3.5 Fire Magic


You had 6 spell levels left.
You knew the following spells:

 Your Spells              Type           Power        Failure   Level  Hunger
a - Foxfire               Conj/Fire      ##..         2%          1    #......

Your spell library contained the following spells:

 Spells                   Type           Power        Failure   Level  Hunger
 Conjure Flame            Conj/Fire      ##......     9%          3    ###....
 Inner Flame              Hex/Fire       #.......     12%         3    ###....
 Sticky Flame             Conj/Fire      ##......     26%         4    #####..
 Fireball                 Conj/Fire      ##........   56%         5    ######.


Dungeon Overview and Level Annotations

Branches:
Dungeon (3/15)

Altars:
Gozag
Vehumet


Innate Abilities, Weirdness & Mutations

You cannot be hasted, slowed, berserked, paralysed or teleported.
You can dig through walls and to a lower floor.
Your four strong arms can wield two-handed weapons with a shield.
You have a pair of large antennae on your head. (SInv)


Message History

Casting: Foxfire (safe; 2% risk of failure)
Confirm with . or Enter, or press ? or * to list all spells.
Nothing appears to happen.
The gnoll barely misses you. x2
The gnoll closely misses you.
Unknown command.
It was a potion of curing.
You feel better. The gnoll closely misses you.
The gnoll hits you with a +0 whip.
The gnoll hits you from afar with a +0 spear.
The gnoll hits you but does no damage.
As you read the scroll labeled COOV BAFUAFIOW, it crumbles to dust.
You feel blessed for a moment.
It was a scroll of remove curse.
The gnoll completely misses you. The gnoll hits you with a +0 dagger.
The gnoll closely misses you.
As you read the scroll labeled EDYACO JARRO, it crumbles to dust.
The scroll dissolves into smoke.
It was a scroll of fog.
The gnoll hits you with a +0 dagger!
* * * LOW HITPOINT WARNING * * *
The gnoll misses you.
The gnoll hits you from afar with a +0 spear.
You die...

##.....##.......# #..
##.......#.####### ##
#...........#########
##..................#
##.....#...####.##.....
##...###### #.# ###
##)## #ยง# # #...#
#g##..### #.#.#
#@ggr.... #.#.#
####...#. ##### #.# #
#######.### . #8_8# #.#
........#.r. #...#
#.... .. #..
....#.##.#...# ###.###.
#.##.#.#.##.##.##
#(##.# #.#.#.#.##.#...#
#.##. #........#.#...#
#....##
##........(.....#


You could see 3 gnolls.

Vanquished Creatures
  An adder (D:3)
  A worm (D:2)
  A dart slug (D:2)
  3 bats
  A giant cockroach (D:2)
  3 goblins
  5 hobgoblins
  6 kobolds
  A quokka (D:2)
  A frilled lizard (D:1)
  3 rats
26 creatures vanquished.

Vanquished Creatures (others)
  85 foxfires
85 creatures vanquished.

Grand Total: 111 creatures vanquished

Notes
Turn   | Place    | Note
-------+----------+-------------------------------------------
     0 | D:1      | Joeren the Formicid Fire Elementalist began the quest for
                  | the Orb.
     0 | D:1      | Reached XP level 1. HP: 13/13 MP: 3/3
    18 | D:1      | Reached skill level 1 in Conjurations
   557 | D:1      | Reached XP level 2. HP: 19/19 MP: 0/5
  1568 | D:2      | Found a radiant altar of Vehumet.
  1754 | D:2      | Reached XP level 3. HP: 24/24 MP: 3/6
  2017 | D:2      | Found an opulent altar of Gozag.
  2594 | D:2      | Slain by a gnoll

Illustrated notes

Levels and vault maps discovered:
D:1:      lightli_arrival_statuegarden, layout_basic
D:2:      layout_loops_ring, grunt_gozag_breadcrumbs, vehumet_crystals,
          first_ration
D:3:      layout_basic, kennysheep_big_empty_room

Skill      XL: |  1 |
---------------+----+-----
Conjurations   | 1 |  1.8
Dodging        | |  1.7
Stealth        | |  2.4
Spellcasting   | |  2.9
Fire Magic     | |  3.5

Action                   || total
-------------------------++-------
Melee: Unarmed           ||     4
       Short sword       ||    29
 Cast: Foxfire           ||    64
  Use: Scroll            ||     2
       Potion            ||     2
  Eat: Chunk             ||     5
Armor: Robe              ||     7
Dodge: Dodged            ||    40
